 Dungeon Crawl Stone Soup version 0.31-a0-1147-g46bab52692 (webtiles) character file.

Game seed: 7039182675074886887

69531 GordonOverkill the Transmogrifier (level 14, 0/65 HPs)
             Began as a Spriggan Delver on Nov 25, 2023.
             Was an Initiate of Gozag.
             Slain by a skeletal warrior
             ... wielding a +0 war axe
              (10 damage)
             ... while paralysed
             ... on level 12 of the Dungeon on Dec 7, 2023.
             The game lasted 03:02:30 (43785 turns).

GordonOverkill the Transmogrifier (SpDe)           Turns: 43785, Time: 03:02:31

Health: 0/65       AC:  9    Str:  0 (11) XL:     14   Next: 90%
Magic:  6/29       EV:  4    Int:  3 (17) God:    Gozag
Gold:   2090       SH:  0    Dex:  6 (16) Spells: 12/33 levels left

rFire   + + +        F - +7 short sword (venom)
rCold   . . .        Q - +0 buckler
rNeg    + . .        I - +2 robe {rF+}
rPois   .            (helmet restricted)
rElec   .            c - +0 cloak
rCorr   .            (gloves unavailable)
SInv    +            (boots unavailable)
Will    ++...        b - amulet "Mij Xups" {Reflect rF+ rN+ Str+3 SH+5}
Stlth   +++          v - +4 ring of protection
HPRegen 0.00/turn    U - ring of protection from fire
MPRegen 0.21/turn

%: random rage (3%), reflection
@: paralysed, inhibited regen, slowed, lost strength, very quick
A: very small, no large weapons, unfitting armour, see invisible, speed 3,
berserk 1, deterioration 2, frail 1, subdued magic 1, MP-powered wands
a: Renounce Religion, Potion Petition, Call Merchant, Bribe Branch


You were on level 12 of the Dungeon.
You worshipped Gozag.
Gozag was most pleased with you.
You visited 4 branches of the dungeon, and saw 21 of its levels.
You also visited: Sewer and Volcano.

You collected 6401 gold pieces.
You spent 1867 gold pieces at shops.
You paid 2444 gold pieces to Gozag.

Inventory:

Hand Weapons
 h - a +2 short sword of protection
 F - a +7 short sword of venom (weapon)
 H - a +2 rapier of electrocution
 T - the +6 dagger "Nuutupraja" {speed, *Noise rPois rN+++ Dex-4}
   (You found it on level 4 of the Lair of Beasts)

   Dex-4:     It affects your dexterity (-4).
   rPois:     It protects you from poison rN+++: It renders you almost immune to
   negative energy.
   *Noise:    It may make a loud noise when swung.
Missiles
 m - 2 throwing nets
 A - 4 curare-tipped darts (quivered)
 E - a boomerang
Armour
 c - a +0 cloak (worn)
 G - a +2 robe of positive energy
 I - a +2 robe of fire resistance (worn)
 P - the +1 robe of Vines {NoPotionHeal Regen++++}
   (You found it on level 1 of the Lair of Beasts)

   NoPotionHeal: Its wearer cannot be healed by potions.
   Regen++++: It increases your rate of health regeneration.
 Q - a +0 buckler (worn)
Jewellery
 b - the amulet "Mij Xups" (around neck) {Reflect rF+ rN+ Str+3 SH+5}
   (You bought it in a shop on level 11 of the Dungeon)

   [amulet of reflection]

   Reflect:   It reflects blocked missile attacks.
   Str+3:     It affects your strength (+3).
   rF+:       It protects you from fire.
   rN+:       It protects you from negative energy.
   SH+5:      It affects your SH (+5).
 e - an amulet of magic regeneration
 v - a +4 ring of protection (left hand)
 D - a ring of positive energy
 K - an amulet of reflection
 L - the ring of the Duchess {Fly rPois rN+ rCorr Int-2}
   (You found it on level 9 of the Dungeon)

   [ring of resist corrosion]

   Int-2:     It affects your intelligence (-2).
   rPois:     It protects you from poison rN+: It protects you from negative
   energy.
   Fly:       It grants you flight.
   rCorr:     It protects you from acid and corrosion.
 N - a ring of willpower
 S - a ring of willpower
 U - a ring of protection from fire (right hand)
Talismans
 C - a dragon-blood talisman
Wands
 a - a wand of flame (2)
 g - a wand of digging (3)
 i - a wand of roots (1)
 O - a wand of acid (2)
Scrolls
 j - 5 scrolls of teleportation
 n - a scroll of poison
 o - 3 scrolls of amnesia
 p - a scroll of immolation
 q - 2 scrolls of enchant armour
 s - a scroll of butterflies
 t - 2 scrolls of silence
 y - a scroll of fear
 M - 3 scrolls of brand weapon
Potions
 d - a potion of heal wounds
 f - 3 potions of haste
 k - 3 potions of cancellation
 l - 3 potions of might
 r - 4 potions of berserk rage
 u - 2 potions of invisibility
 w - 6 potions of curing
 x - a potion of lignification
 z - 2 potions of ambrosia
 B - a potion of resistance
 J - 5 potions of enlightenment


   Skills:
 - Level 8.0 Fighting
 - Level 6.0 Short Blades
 - Level 2.0 Throwing
 - Level 4.0 Dodging
 - Level 7.2 Stealth
 - Level 8.0 Shields
 - Level 10.0 Spellcasting
 - Level 6.0 Conjurations
 - Level 11.8 Hexes
 - Level 15.0 Transmutations
 + Level 2.9 Air Magic
 - Level 6.7 Evocations
 - Level 12.5 Shapeshifting


You had 12 spell levels left.
You knew the following spells:

 Your Spells              Type           Power      Damage    Failure   Level
a - Irradiate             Conj/Tmut      3%         3d12      17%         5
b - Yara's Violent Unrav  Hex/Tmut       3%         3d4       4%          5
c - Tukima's Dance        Hex            6%         N/A       1%          3
d - Fulminant Prism       Conj/Hex       2%         3d5       12%         4
e - Airstrike             Air            1%         2d(1-17)  82%         4

Your spell library contained the following spells:

 Spells                   Type           Power      Damage    Failure   Level
 Wereblood                Tmut           8%         N/A       1%          2
 Magic Dart               Conj           12%        1d3       3%          1
 Searing Ray              Conj           6%         2d4       5%          2
 Static Discharge         Conj/Air       6%         3-4/arc   11%         2
 Inner Flame              Hex/Fire       3%         N/A       12%         3
 Ignite Poison            Fire/Tmut/Pois 3%         N/A       17%         3
 Dimensional Bullseye     Hex/Tloc       1%         N/A       38%         4
 Cigotuvi's Dreadful Rot  Necr/Pois/Air  2%         N/A       45%         2
 Iskenderun's Mystic Bla  Conj/Tloc      2%         2d3       80%         4
 Gell's Gravitas          Tloc           1%         N/A       82%         3
 Teleport Other           Tloc           1%         N/A       82%         3
 Summon Lightning Spire   Summ/Air       1%         N/A       95%         4
 Enfeeble                 Hex            3%         N/A       98%         7
 Freezing Cloud           Conj/Ice/Air   1%         6-21      99%         5
 Dispersal                Tloc           0%         N/A       100%        6


Dungeon Overview and Level Annotations

Branches:
Dungeon (13/15)            Temple (1/1) D:6            Lair (5/5) D:11
  Swamp (0/4) Lair:3        Snake (0/4) Lair:3        Slime (0/5) Lair:4
    Orc (2/2) D:10            Elf (0/3) Orc:2         Sewer (visited)
Volcano (visited)
 Vaults: D:13-14

Altars:
Ashenzari
Cheibriados
Dithmenos
Elyvilon
Fedhas
Gozag
Hepliaklqana
Kikubaaqudgha
Makhleb
Nemelex Xobeh
Okawaru
Qazlal
Ru
Sif Muna
Trog
Uskayaw
Vehumet
Wu Jian
Xom
Yredelemnul
Zin
The Shining One

Shops:
D:5 (((   D:7 *   D:11 =   Orc:1 *   Orc:2 *[:*   Lair:3 ??

Portals:
Trove: D:12 (give +4 fire dragon scales)

Annotations:
D:10 1 runed translucent door
D:11 1 runed translucent door, GordonOverkill's ghost, journeyman SpDe
D:12 exclusion: skeletal warrior, Azrael
Orc:1 3 runed translucent doors, Toacab's ghost, journeyman SpEn


Innate Abilities, Weirdness & Mutations

You are very small and have problems with some larger weapons.
You are too small for most types of armour.
You have supernaturally acute eyesight. (SInv)
You cover ground extremely quickly. (Speed+++)
You sometimes lose your temper in combat.
Your body often deteriorates upon taking damage.
You are frail. (-10% HP)
Your spells are a little easier to cast, but a little less powerful.
You expend magic power (3 MP) to strengthen your wands.


Message History

Casting: Fulminant Prism (dangerous; 11% risk of failure)
Confirm with . or Enter, or press ? or * to list all spells.
Aiming: Fulminant Prism (dangerous; 11% risk of failure)
Press: ? - help, Dir - move target You conjure a prism of explosive energy!
A fulminant prism comes into view.
Your fulminant prism crackles loudly.
Your fulminant prism explodes!
The blast of energy engulfs the skeletal warrior!
The skeletal warrior is almost destroyed.
Casting: Fulminant Prism (dangerous; 11% risk of failure)
Confirm with . or Enter, or press ? or * to list all spells.
Aiming: Fulminant Prism (dangerous; 11% risk of failure)
Press: ? - help, Dir - move target You conjure a prism of explosive energy!
A fulminant prism comes into view.
You feel yourself speed up.
Your fulminant prism crackles loudly.
Your fulminant prism explodes!
The blast of energy engulfs the skeletal warrior!!
You destroy the skeletal warrior!
You feel your intelligence returning.
You now have 2090 gold pieces (gained 5).
You see here a +0 trident.
You start resting.
Azrael is nearby!
You puncture the skeletal warrior!
The skeletal warrior is lightly damaged.
The skeletal warrior hits you with a +0 war axe!!
* * * LOW HITPOINT WARNING * * *
Your body deteriorates!
You feel weakened.
You have lost your strength.
Your magical contamination has completely faded away.
The skeletal warrior hits you but does no damage.
The skeletal warrior hits you with a +0 war axe!
* * * LOW HITPOINT WARNING * * *
The skeletal warrior hits you with a +0 war axe!!
* * * LOW HITPOINT WARNING * * *
The skeletal warrior hits you with a +0 war axe!
You die...
Your body crumbles into a pile of gold.

.............#.....# #...#
.............#.....# #...#
.............#.....######...#
.##+####.....#...<..........#
.'.....#<....#...#########.!#
.#.....#.....#...# #..#####
.#.....#.....#...# #.......
.#.....#.....#..z# #.......
.#.....#.....#..@# #"......
.#.....#.....#...# #.......
.#######.....#...### #.......
..^..........#.....#
###.......
.............#R...##
#.........
.........#####☼...#
#...######
.........#..☼○....# #...#
.........#........# #...#
.........#......).# #...#


You could see Azrael and a skeletal warrior.

Vanquished Creatures
  Nessos (Lair:4)
  A red draconian (Volcano)
  Josephine (D:11)
  3 hydras
  A catoblepas (Lair:3)
  Erolcha (Orc:1)
  4 boulder beetles
  3 centaur warriors (Volcano)
  6 death yaks
  2 two-headed ogres
  2 orc high priests (Orc:2)
  2 hell knights (Volcano)
  Sonja (Lair:5)
  4 skeletal warriors (D:12)
  9 orc knights
  6 orc sorcerers
  An ugly thing (D:12)
  An oklob plant (Lair:1)
  3 black mambas
  12 elephants
  3 kobold blastminers
  A torpor snail (Lair:2)
  7 cane toads
  3 yaktaurs (Volcano)
  5 rime drakes
  2 guardian mummies (D:12)
  9 komodo dragons
  A hornet (D:10)
  2 polar bears
  30 blink frogs
  7 dream sheep
  2 trolls
  A raiju (Lair:5)
  8 wyverns
  A vampire (D:9)
  49 yaks
  6 wraiths
  3 basilisks
  3 fire elementals
  Grum (D:11)
  2 steam dragons
  Menkaure (D:5)
  A swamp worm (Lair:3)
  4 vampire mosquitoes (D:10)
  3 wargs (Orc:2)
  An acid dragon (D:12)
  3 small abominations (Lair:5)
  3 nagas (Lair:3)
  12 dancing weapons
  9 water moccasins
  2 hell hounds (D:12)
  22 orc warriors
  2 ice beasts
  5 black bears
  17 centaurs
  5 ogres
  3 wolves
  A phantom (D:4)
  2 kobold brigands
  2 gnoll sergeants (D:8)
  15 bullfrogs
  3 scorpions
  11 wights
  13 killer bees
  5 howler monkeys
  2 electric eels (Lair:4)
  8 hounds
  8 jellies
  11 orc priests
  2 gnoll boudas
  2 sleepcaps (D:5)
  6 iguanas
  25 orc wizards
  12 gnolls
  10 adders
  A white imp (D:5)
  An ufetubus (D:6)
  4 worms
  7 dart slugs
  52 orcs
  9 ball pythons
  16 endoplasms
  11 giant cockroaches
  2 goblins
  6 hobgoblins
  16 kobolds
  6 quokkas
  4 bats
  6 frilled lizards
  10 rats
592 creatures vanquished.

Vanquished Creatures (collateral kills)
  2 orc warriors (Orc:1)
  2 orcs (Orc:2)
4 creatures vanquished.

Vanquished Creatures (others)
  An angel (D:8)
  An orc warrior (Orc:2)
  29 dancing weapons
  2 orc priests (Orc:2)
  2 orc wizards (Orc:2)
  An orc (Orc:2)
  156 fulminant prisms
192 creatures vanquished.

Grand Total: 788 creatures vanquished

Notes
Turn   | Place    | Note
-------+----------+-------------------------------------------
     0 | D:5      | GordonOverkill the Spriggan Delver began the quest for the
                  | Orb.
     0 | D:5      | Reached XP level 1. HP: 11/11 MP: 2/2
     2 | D:6      | Noticed an iguana
     4 | D:6      | Noticed a sleepcap
     5 | D:6      | Noticed a hound
     6 | D:6      | Noticed a hound
    25 | D:5      | Reached XP level 2. HP: 16/16 MP: 3/3
    62 | D:5      | Found Voarghext's Weapon Emporium.
    91 | D:5      | Found Fagaxufi's Antique Weapon Boutique.
   156 | D:6      | Noticed a black bear
   182 | D:6      | Noticed a bullfrog
   215 | D:5      | Reached XP level 3. HP: 20/20 MP: 4/4
   253 | D:5      | Noticed Menkaure
   257 | D:5      | Killed Menkaure
   258 | D:5      | Reached skill level 5 in Short Blades
   258 | D:5      | Reached XP level 4. HP: 24/24 MP: 5/5
   258 | D:5      | Reached XP level 5. HP: 28/28 MP: 6/6
   306 | D:5      | Found Jisiutics's Antique Weapon Shop.
   357 | D:5      | Reached XP level 6. HP: 31/32 MP: 7/7
   830 | D:5      | Found a stormy altar of Qazlal.
   973 | D:5      | Found a stormy altar of Qazlal.
  1110 | D:5      | Found Jisiutics's Antique Weapon Shop.
  1215 | D:5      | Reached skill level 1 in Evocations
  1315 | D:5      | Found Voarghext's Weapon Emporium.
  1332 | D:5      | Found Fagaxufi's Antique Weapon Boutique.
  1620 | D:4      | Reached XP level 7. HP: 37/37 MP: 8/8
  1740 | D:4      | Found a hide-covered altar of Uskayaw.
  1741 | D:4      | Found a glowing golden altar of the Shining One.
  1748 | D:4      | Found a bloodstained altar of Trog.
  1851 | D:4      | Reached skill level 1 in Spellcasting
  2218 | D:4      | Found a white marble altar of Elyvilon.
  2856 | D:3      | Found a glowing drain.
  2871 | D:3      | Reached skill level 1 in Transmutations
  2878 | Sewer    | Entered a sewer
  3027 | Sewer    | Reached skill level 2 in Transmutations
  3238 | Sewer    | Reached skill level 3 in Transmutations
  3503 | Sewer    | Reached skill level 1 in Conjurations
  3552 | Sewer    | Found a shimmering altar of Xom.
  3672 | D:3      | Found an ancient bone altar of Kikubaaqudgha.
  4147 | D:2      | Learned a level 5 spell: Irradiate
  4564 | D:2      | Identified the +7 whip "Beetleslayer" {antimagic, rN+
                  | Str+3}
  5320 | D:1      | Found a faded altar of an unknown god.
  5992 | D:5      | Reached XP level 8. HP: 42/42 MP: 13/13
  6249 | D:6      | Reached skill level 4 in Transmutations
  6394 | D:6      | Found a staircase to the Ecumenical Temple.
  6419 | D:6      | Reached skill level 5 in Transmutations
  6439 | D:6      | Reached skill level 6 in Transmutations
  6739 | D:6      | Reached skill level 5 in Spellcasting
  7077 | Temple   | Entered the Ecumenical Temple
  7090 | Temple   | Became a worshipper of Gozag Ym Sagoz the Greedy
  7149 | D:7      | Reached skill level 5 in Fighting
  7367 | D:6      | Reached skill level 7 in Transmutations
  7500 | D:7      | Reached XP level 9. HP: 47/47 MP: 17/17
  7676 | D:7      | Found a radiant altar of Vehumet.
  7676 | D:7      | Found a sacrificial altar of Ru.
  7676 | D:7      | Found a broken altar of Ashenzari.
  7676 | D:7      | Found a shimmering blue altar of Sif Muna.
  7714 | D:7      | Reached skill level 8 in Transmutations
  8100 | D:7      | Found a shadowy altar of Dithmenos.
  8141 | D:7      | Reached skill level 9 in Transmutations
  8373 | D:7      | Found Baic's Serpentskin Sales.
  8385 | D:7      | Bought a +4 short sword of venom for 384 gold pieces
  8481 | D:7      | Found a burning altar of Makhleb.
  8687 | D:8      | Reached skill level 10 in Transmutations
  8852 | D:8      | Killed an angel
  9667 | D:8      | Reached skill level 11 in Transmutations
 10073 | D:8      | Found a glowing silver altar of Zin.
 10073 | D:8      | Found a shimmering altar of Xom.
 10310 | D:7      | Reached skill level 12 in Transmutations
 10322 | D:7      | Reached XP level 10. HP: 20/51 MP: 18/18
 10919 | D:8      | Noticed a death knight
 11174 | D:9      | Reached skill level 5 in Conjurations
 11612 | D:9      | Identified the ring of the Duchess {Fly rPois rN+ rCorr
                  | Int-2}
 11693 | D:9      | Reached skill level 13 in Transmutations
 11743 | D:9      | Identified the +4 scale mail of the Centipede {rElec rC+}
 12421 | D:9      | Reached skill level 14 in Transmutations
 13134 | D:10     | Entered Level 10 of the Dungeon
 13357 | D:10     | Reached skill level 5 in Evocations
 13994 | D:10     | Noticed a black mamba
 13994 | D:10     | Noticed a flayed ghost
 13995 | D:10     | Found a runed translucent door.
 13997 | D:10     | Noticed a glowing orange brain
 13997 | D:10     | Noticed a frost giant
 13997 | D:10     | Noticed a yaktaur captain
 13997 | D:10     | Noticed an ice dragon
 13997 | D:10     | Noticed a stone giant
 14711 | D:10     | Found a staircase to the Orcish Mines.
 15459 | D:10     | Found a staircase to the Orcish Mines.
 16306 | D:10     | Noticed a manticore
 16333 | D:11     | Noticed a boulder beetle
 16368 | D:10     | Reached XP level 11. HP: 37/55 MP: 22/22
 16468 | D:11     | Noticed Josephine
 16575 | D:10     | Upgraded the game from 0.31-a0-1068-g5939ac1fb6 to
                  | 0.31-a0-1112-ga3593d9213
 16597 | D:11     | Killed Josephine
 17343 | D:11     | Noticed Grum
 17412 | D:10     | Reached skill level 15 in Transmutations
 17424 | D:10     | Learned a level 5 spell: Yara's Violent Unravelling
 17988 | D:10     | Killed a boulder beetle
 18153 | D:11     | Killed Grum
 18154 | D:11     | Reached skill level 5 in Hexes
 18403 | D:11     | Found a runed translucent door.
 18408 | D:11     | Noticed GordonOverkill's ghost (journeyman SpDe)
 18947 | D:11     | Found a staircase to the Lair.
 19186 | Lair:1   | Entered Level 1 of the Lair of Beasts
 19664 | Lair:1   | Found a hide-covered altar of Uskayaw.
 19692 | Lair:1   | Reached XP level 12. HP: 63/63 MP: 20/25
 19774 | Lair:1   | Reached skill level 1 in Shapeshifting
 19918 | Lair:1   | Identified the +0 pair of gloves of the Lute {rN+ Int+6
                  | Dex-3}
 20229 | Lair:1   | Noticed a seven-headed hydra
 20229 | Lair:1   | Noticed a seven-headed hydra
 20232 | Lair:1   | Found the +1 robe of Vines {NoPotionHeal Regen++++}
 20238 | Lair:1   | Killed a seven-headed hydra
 20362 | Lair:1   | Killed a seven-headed hydra
 20363 | Lair:1   | Reached skill level 5 in Shapeshifting
 20839 | Lair:2   | Noticed a death yak
 20840 | Lair:2   | Noticed a death yak
 20842 | Lair:2   | Noticed a death yak
 20842 | Lair:2   | Noticed a death yak
 20944 | Lair:1   | Killed a death yak
 20945 | Lair:1   | Reached skill level 1 in Shields
 22693 | Lair:2   | Reached skill level 5 in Shields
 22870 | Lair:2   | Reached XP level 13. HP: 65/68 MP: 16/26
 23562 | Lair:2   | Gained mutation: You are vulnerable to cold. (rC-)
                  | [mutagenic glow]
 24394 | Lair:3   | Found a staircase to the Swamp.
 24592 | Lair:3   | You fall into a shaft and drop 2 floors!
 24592 | Lair:5   | Entered Level 5 of the Lair of Beasts
 24680 | Lair:4   | Gained mutation: You occasionally lose the ability to read
                  | scrolls when taking damage. [mutagenic glow]
 24753 | Lair:4   | Identified the +6 dagger "Nuutupraja" {speed, *Noise rPois
                  | rN+++ Dex-4}
 24828 | Lair:3   | Gained mutation: You sometimes lose your temper in combat.
                  | [mutagenic glow]
 24878 | Lair:3   | Lost mutation: You sometimes lose your temper in combat.
                  | [potion of mutation]
 24878 | Lair:3   | Lost mutation: You occasionally lose the ability to read
                  | scrolls when taking damage. [potion of mutation]
 24878 | Lair:3   | Lost mutation: You are vulnerable to cold. (rC-) [potion of
                  | mutation]
 24878 | Lair:3   | Gained mutation: You have sharp toenails. [potion of
                  | mutation]
 24878 | Lair:3   | Gained mutation: Your spells are a little easier to cast,
                  | but a little less powerful. [potion of mutation]
 24878 | Lair:3   | Gained mutation: You are weak. (Str -2) [potion of
                  | mutation]
 24879 | Lair:3   | Lost mutation: You are weak. (Str -2) [potion of mutation]
 24879 | Lair:3   | Lost mutation: You have sharp toenails. [potion of
                  | mutation]
 24879 | Lair:3   | Lost mutation: Your spells are a little easier to cast, but
                  | a little less powerful. [potion of mutation]
 24879 | Lair:3   | Gained mutation: You passively dampen the noise of your
                  | surroundings. [potion of mutation]
 24879 | Lair:3   | Gained mutation: You are frail. (-10% HP) [potion of
                  | mutation]
 24879 | Lair:3   | Gained mutation: You have a pair of small antennae on your
                  | head. [potion of mutation]
 24880 | Lair:3   | Lost mutation: You passively dampen the noise of your
                  | surroundings. [potion of mutation]
 24880 | Lair:3   | Lost mutation: You have a pair of small antennae on your
                  | head. [potion of mutation]
 24880 | Lair:3   | Gained mutation: Your body sometimes deteriorates upon
                  | taking damage. [potion of mutation]
 24880 | Lair:3   | Gained mutation: Your magical capacity is low. (-10% MP)
                  | [potion of mutation]
 24880 | Lair:3   | Gained mutation: You have hidden genetic potential. [potion
                  | of mutation]
 24880 | Lair:3   | Gained mutation: Your muscles are strong. (Str +4, Int/Dex
                  | -1) [potion of mutation]
 25582 | Lair:3   | Found a staircase to the Snake Pit.
 25827 | Lair:3   | Upgraded the game from 0.31-a0-1112-ga3593d9213 to
                  | 0.31-a0-1127-ge7b2bbabab
 25841 | Lair:3   | Bought a scroll of blinking for 127 gold pieces
 25843 | Lair:3   | Bought a scroll of enchant weapon for 112 gold pieces
 25843 | Lair:3   | Bought a scroll of butterflies for 60 gold pieces
 25877 | Lair:4   | Noticed Nessos
 25918 | Lair:4   | Killed Nessos
 26101 | Lair:4   | Found a staircase to the Slime Pits.
 27101 | Lair:4   | Reached skill level 10 in Spellcasting
 27130 | Lair:5   | Noticed Sonja
 27684 | Lair:5   | Reached skill level 10 in Shapeshifting
 27951 | Lair:5   | Learned a level 3 spell: Tukima's Dance
 27978 | Lair:5   | Killed Sonja
 28100 | Lair:4   | Lost mutation: Your muscles are strong. (Str +4, Int/Dex
                  | -1) [mutagenic glow]
 28508 | Lair:4   | Reached XP level 14. HP: 56/65 MP: 26/26
 28545 | Lair:5   | Found a hide-covered altar of Uskayaw.
 28919 | Lair:4   | Lost strength.
 29277 | D:12     | Noticed Azrael
 29934 | D:12     | Found a portal to a secret trove of treasure.
 30135 | D:11     | Bought the amulet "Mij Xups" {Reflect rF+ rN+ Str+3 SH+5}
                  | for 872 gold pieces
 30170 | D:11     | Learned a level 4 spell: Fulminant Prism
 30170 | D:11     | Upgraded the game from 0.31-a0-1127-ge7b2bbabab to
                  | 0.31-a0-1139-gec03705108
 30701 | Orc:1    | Entered Level 1 of the Orcish Mines
 32100 | Orc:1    | Found a runed translucent gate.
 32100 | Orc:1    | Found a runed translucent gate.
 32291 | Orc:1    | Identified the +7 executioner's axe of Youthful
                  | Indiscretion {pain, rElec rCorr}
 32291 | Orc:1    | Identified the +1 chain mail "Uveonet" {rN+++ Dex-2}
 32300 | Orc:1    | Found a runed translucent gate.
 32301 | Orc:1    | Noticed Toacab's ghost (journeyman SpEn)
 32301 | Orc:1    | Noticed a stone giant
 32373 | Orc:1    | Found an iron altar of Okawaru.
 33468 | Orc:1    | Gained mutation: You expend magic power (3 MP) to
                  | strengthen your wands. [hidden potential]
 34370 | Orc:2    | Entered Level 2 of the Orcish Mines
 34373 | Orc:2    | Noticed Erolcha
 34490 | Orc:2    | Found a staircase to the Elven Halls.
 34835 | Orc:1    | Killed Erolcha
 35024 | Orc:2    | Found a dark tunnel.
 35033 | Volcano  | Entered a volcano
 35036 | Volcano  | Found a large runed translucent door.
 35045 | Volcano  | Found a large runed translucent door.
 35131 | Volcano  | Found a large runed translucent door.
 35249 | Volcano  | Found a large runed translucent door.
 35259 | Volcano  | Lost mutation: You are frail. (-10% HP) [potion of
                  | mutation]
 35259 | Volcano  | Lost mutation: Your magical capacity is low. (-10% MP)
                  | [potion of mutation]
 35259 | Volcano  | Gained mutation: Your body often deteriorates upon taking
                  | damage. [potion of mutation]
 35289 | Volcano  | Found a large runed translucent door.
 35289 | Volcano  | Found a large runed translucent door.
 35323 | Volcano  | Found a large runed translucent door.
 35323 | Volcano  | Found a large runed translucent door.
 35451 | Volcano  | Found a large runed translucent door.
 35451 | Volcano  | Found a large runed translucent door.
 35737 | Volcano  | Found a large runed translucent door.
 35737 | Volcano  | Found a large runed translucent door.
 35742 | Volcano  | Reached skill level 10 in Hexes
 35771 | Volcano  | Found a large runed translucent door.
 35771 | Volcano  | Found a large runed translucent door.
 35776 | Volcano  | Found a large runed translucent door.
 35777 | Volcano  | Found a large runed translucent door.
 35797 | Volcano  | Identified the +1 pair of boots "Qunimn" {rElec Int-2 SInv}
 35970 | Volcano  | Found a large runed translucent door.
 35970 | Volcano  | Found a large runed translucent door.
 36081 | Orc:1    | Found Uriloaff's Assorted Antiques.
 36381 | Orc:2    | Upgraded the game from 0.31-a0-1139-gec03705108 to
                  | 0.31-a0-1147-g46bab52692
 39748 | Orc:2    | Lost strength.
 39752 | Orc:2    | HP: 1/73 [sixfirhy[an orc sorcerer] (12)]
 41297 | Orc:2    | Gained mutation: You are frail. (-10% HP) [a neqoxec]
 41299 | Orc:2    | Lost mutation: You have hidden genetic potential. [a
                  | neqoxec]
 41300 | Orc:2    | Gained mutation: Your spells are a little easier to cast,
                  | but a little less powerful. [a neqoxec]
 41818 | Orc:2    | Reached skill level 1 in Throwing
 42369 | Orc:2    | Gained mutation: You sometimes lose your temper in combat.
                  | [a neqoxec]
 42575 | Orc:2    | Found Nuoruon's General Store.
 42575 | Orc:2    | Found Gobbampam's Assorted Antiques.
 42581 | Orc:2    | Found Bocysucw's Book Shop.
 42581 | Orc:2    | Found Jesasyu's Armour Emporium.
 42628 | Orc:2    | Bought a book of Storms for 312 gold pieces
 42633 | Orc:2    | Learned a level 4 spell: Airstrike
 43047 | D:12     | Reached skill level 1 in Air Magic
 43781 | D:12     | Lost strength.
 43785 | D:12     | Slain by a skeletal warrior

Illustrated notes

Levels and vault maps discovered:
D:1:      lightli_arrival_chessboard, layout_basic,
          shapermc_ecumenical_altar_pompeii, grunt_decor_mini_mirrors
D:2:      layout_basic, minmay_between
D:3:      layout_rooms, nicolae_kikubaaqudgha_miasma_corner,
          portal_sewer_entry_d, nicolae_eternal_life, nicolae_titane
D:4:      layout_gridville, nicolae_overflow_quartered_altars
D:5:      layout_rooms, mainiacjoe_overflow_cross_hatched, serial_shops, shop,
          nicolae_shop_bloodbath_and_beyond, nicolae_shop_tiny_statue_garden,
          serial_glass, glass_columns_a, glass_columns_a, uniq_menkaure
D:6:      layout_cave_pools, minmay_temple_entry_arrows, serial_column_ruins,
          column_ruins_open_medium_water, column_ruins_open_large,
          column_ruins_columns_corner, minmay_chambers_of_fives
D:7:      layout_rooms, lemuel_coloured_pillars_altar,
          chequers_temple_overflow_statue_of_worship, makhleb_heckhound_becter,
          guppyfry_shop_venom
D:8:      layout_basic, grunt_temple_overflow_order_and_chaos_1,
          kennysheep_just_a_vault
D:9:      layout_loops_cross
D:10:     minmay_gate_of_8, layout_layer_cave, orc_0_dummy
D:11:     layout_small_grid, grunt_lair_entry_orc_guard_hut,
          ebering_ghost_reflecting_pool, uniq_josephine, uniq_grum
D:12:     layout_irregular_city, nicolae_trove_entry_path_of_doom, uniq_azrael
D:13:     layout_basic
Temple:   nicolae_temple_ecumenical_triangle
Lair:1:   layout_misc_corridors, basic_altar, hellmonk_guarded_unrand_vines,
          serial_bayou_shore_b, infiniplex_staircase_pool_2
Lair:2:   layout_cave_pods, st_stairs_3, minivault_11
Lair:3:   layout_small_grid, minmay_swamp_entry_worms,
          nicolae_snake_entry_squirm, grunt_megastairs_5
Lair:4:   layout_regular_city, dpeg_slime_entry_corner,
          nicolae_lair_grazing_beasts [nicolae_sub_lair_graze_edge,
          nicolae_sub_lair_graze_edge, nicolae_sub_lair_graze_edge,
          nicolae_sub_lair_graze_edge], wad_woods_river_01, grunt_megastairs_1,
          lemuel_fruit_fields, infiniplex_staircase_pool, uniq_nessos
Lair:5:   hellmonk_lair_end_abyssal_woods, layout_misc_corridors, basic_altar,
          uniq_sonja
Orc:1:    layout_diamond_mine, serial_shops, shop,
          gammafunk_ghost_fury_of_okawaru
Orc:2:    grunt_orc_tribal_feast, layout_caves, nicolae_volcano_entry_two_sided,
          uniq_erolcha

Skill      XL: |  1  2  3  4  5  6  7  8  9 10 11 12 13 14 |
---------------+-------------------------------------------+-----
Fighting       | 3 4 5 7 8 |  8.0
Short Blades   | 3 5 6 |  6.0
Dodging        | 4 |  4.0
Evocations     | 3 4 6 |  6.7
Spellcasting   | 3 5 7 8 10 | 10.0
Transmutations | 3 7 12 14 15 | 15.0
Conjurations   | 2 3 4 5 6 |  6.0
Hexes          | 5 11 | 11.8
Shapeshifting  | 8 11 12 | 12.5
Shields        | 5 8 |  8.0
Throwing       | 2 |  2.0
Air Magic      | 2 |  2.9
Stealth        | |  7.2

Action                     |  1- 3 |  4- 6 |  7- 9 | 10-12 | 13-15 || total
---------------------------+-------+-------+-------+-------+-------++-------
  Melee: Short sword       |     8 |   102 |   944 |   716 |   693 ||  2463
         Punch             |     1 |     3 |    16 |     9 |       ||    29
         Dagger            |       |       |       |       |    38 ||    38
  Throw: Boomerang         |       |       |    35 |    22 |    12 ||    69
         Dart              |       |       |       |       |    31 ||    31
         Throwing net      |       |       |       |       |     2 ||     2
   Cast: Irradiate         |       |       |       |    86 |    82 ||   168
         Tukima's Dance    |       |       |       |       |   156 ||   156
         Fulminant Prism   |       |       |       |       |   156 ||   156
         Yara's Violent Un |       |       |       |       |     7 ||     7
 Invoke: Call Merchant     |       |       |       |       |     3 ||     3
         Potion Petition   |       |       |       |       |     1 ||     1
  Evoke: Wand              |       |       |     9 |    11 |    29 ||    49
    Use: Scroll            |       |       |     2 |     2 |    38 ||    42
         Potion            |       |       |     2 |       |     9 ||    11
   Stab: Sleeping          |     6 |     5 |    42 |    10 |     8 ||    71
         Distracted        |     1 |     2 |     3 |     3 |     1 ||    10
         Paralysed         |       |       |       |       |     3 ||     3
 Armour: Robe              |     2 |    19 |   304 |   348 |   444 ||  1117
  Dodge: Dodged            |     2 |    56 |   561 |   597 |   391 ||  1607
  Block: Buckler           |       |       |       |    42 |   250 ||   292
         Reflection        |       |       |       |       |    19 ||    19

Table legend: (Time is in decaauts)
 A = Elapsed time spent in this place.
 B = Non-inter-level travel time spent in this place.
 C = Inter-level travel time spent in this place.
 D = Time resting spent in this place.
 E = Time spent auto-exploring this place.
 F = Levels seen in this place.
 G = Mean time per level.
                   A        B        C        D        E       F      G
               +--------+--------+--------+--------+--------+-----+--------+
         Total |  35627 |  34064 |   1563 |  15453 |   8040 |  23 | 1549.0 |
       Dungeon |  17313 |  16425 |    888 |   6578 |   4705 |  13 | 1331.8 |
        Temple |     14 |      9 |      5 |      0 |      0 |   1 |   14.0 |
          Lair |   7670 |   7307 |    363 |   2865 |   2087 |   5 | 1534.0 |
  Orcish Mines |   9188 |   8882 |    306 |   5226 |   1162 |   2 | 4594.0 |
         Sewer |    595 |    595 |      0 |    235 |     84 |   1 |  595.0 |
       Volcano |    845 |    845 |      0 |    548 |      0 |   1 |  845.0 |
               +--------+--------+--------+--------+--------+-----+--------+

Top non-repeatable levels by time:
   Orc:2: 5675 daAuts
    D:10: 4462 daAuts
   Orc:1: 3512 daAuts
  Lair:2: 2313 daAuts
     D:9: 1882 daAuts
     D:7: 1648 daAuts
    D:12: 1636 daAuts
  Lair:4: 1550 daAuts
     D:8: 1528 daAuts
  Lair:1: 1465 daAuts
    D:11: 1297 daAuts
  Lair:3: 1225 daAuts
     D:5: 1164 daAuts
  Lair:5: 1115 daAuts
     D:6: 1023 daAuts
